 Dungeon Crawl Stone Soup version 0.24.0-125-gc4c63601f3 (webtiles) character file.

Game seed: 16492256962404007027, levelgen mode: deterministic

24 Descartes the Scratcher (level 2, 0/13 HPs)
             Began as a Felid Wanderer on Feb 29, 2020.
             Slain by an ooze (3 damage)
             ... on level 1 of the Dungeon.
             The game lasted 00:01:08 (379 turns).

Descartes the Scratcher (Felid Wanderer)             Turns: 379, Time: 00:01:08

Health: 0/13       AC:  1    Str:  8    XL:     2   Next: 79%
Magic:  4/4        EV: 16    Int: 13    God:
Gold:   14         SH:  0    Dex: 15    Spells: 1/1 levels left
                                        Lives:  0   Deaths: 0

rFire    . . .     SeeInvis +     - Unarmed
rCold    . . .     Gourm    .   (shield unavailable)
rNeg     . . .     Faith    .   (armour unavailable)
rPois    .         Spirit   .   (helmet unavailable)
rElec    .         Reflect  .   (cloak unavailable)
rCorr    .         Harm     .   (gloves unavailable)
MR       .....                  (boots unavailable)
Stlth    ++........             (no amulet)
HPRegen  0.04/turn              (no ring)
MPRegen  0.09/turn              (no ring)

@: quick
A: very small, no armour, no weapons or thrown items, stealth, claws 1, fangs 3,
see invisible, carnivore, speed 1, shaggy fur 1, slow metabolism 1, sharp paws
a: no special abilities


You were on level 1 of the Dungeon.
You were completely stuffed.

You visited 1 branch of the dungeon, and saw 1 of its levels.

You collected 14 gold pieces.

Inventory:

Missiles
 e - 16 stones
 h - 19 arrows
Scrolls
 b - a scroll of fear
 c - 2 scrolls of teleportation
Potions
 a - a potion of berserk rage
 d - a potion of lignification
 g - a potion of brilliance {unknown}
Comestibles
 f - 3 rations
 i - a chunk of flesh


   Skills:
 + Level 2.3 Fighting
 + Level 1.4 Dodging
 + Level 1.7 Stealth
 + Level 6.1 Unarmed Combat
   Level 2.1 Evocations


You had one spell level left.
You didn't know any spells.
Your spell library was empty.

Dungeon Overview and Level Annotations

Branches:
Dungeon (1/15)

Altars:


Innate Abilities, Weirdness & Mutations

You cannot wear armour.
You are incapable of wielding weapons or throwing items.
Your paws allow you to move quietly. (Stealth)
You have sharp claws.
You have razor-sharp teeth.
You have supernaturally acute eyesight. (SInv)
You are carnivorous and can eat meat at any time.
You cover ground quickly.
You are covered in fur. (AC +1)
You have a slow metabolism.
Your sharp claws are effective at attacking unaware monsters.


Message History

The giant cockroach is moderately wounded.
The rat closely misses you.
The giant cockroach bites you but does no damage.
You scratch the giant cockroach.
The giant cockroach is severely wounded.
The rat bites you. The giant cockroach barely misses you.
You closely miss the giant cockroach.
The giant cockroach is severely wounded.
The giant cockroach closely misses you. The rat misses you.
You scratch the giant cockroach.
You kill the giant cockroach!
The rat bites you. The ooze hits you.
* * * LOW HITPOINT WARNING * * *
The rat barely misses you.
You see here a giant cockroach corpse.
You claw the rat!
You kill the rat!
The ooze hits you.
You die...

#.#..#.....#..♣
######♣....#.P.<.'...
##.....##♣..#.P...#..#
##......# ♣..#######..#
#.......# #...........#
#.......#♣#...........#
#.........♣##♣♣.♣.♣♣#♣♣
#..........♣ ##.## ♣.
#.....@....######♣#####
#.....J.............###
##..............###...#
##.....##.....## ###..
###...######## ###
....?. # ....... #
........ # ##


You could see an ooze.

Vanquished Creatures
  An ooze (D:1)
  5 giant cockroaches (D:1)
  2 goblins (D:1)
  4 bats (D:1)
  A frilled lizard (D:1)
  3 kobolds (D:1)
  4 rats (D:1)
20 creatures vanquished.

Notes
Turn   | Place    | Note
-------+----------+-------------------------------------------
     0 | D:1      | Descartes the Felid Wanderer began the quest for the Orb.
     0 | D:1      | Descartes set off with the following items: a potion of
                  | berserk rage, a scroll of fear, a scroll of teleportation,
                  | a potion of lignification, a ration
     0 | D:1      | Reached XP level 1. HP: 9/9 MP: 3/3
   104 | D:1      | Reached skill level 1 in Stealth
   128 | D:1      | Reached XP level 2. HP: 11/13 MP: 4/4
   179 | D:1      | Reached skill level 1 in Dodging
   379 | D:1      | Slain by an ooze

Levels and vault maps discovered:
D:1:      saegor_arrival_under_anarchy, layout_rooms

Skill      XL: |  1  2 |
---------------+-------+-----
Stealth        | 1 |  1.7
Dodging        | 1 |  1.4
Fighting       | |  2.3
Unarmed Combat | |  6.1
Evocations     | |  2.1

Action                   || total
-------------------------++-------
Melee: Unarmed           ||    47
       Bite              ||     6
  Eat: Chunk             ||     6
Armor: Skin              ||     3
Dodge: Dodged            ||    37
